 Dungeon Crawl Stone Soup version 0.29-a0-359-g541a27f54d (webtiles) character file.

Game seed: 10589732989085812617

63 dracfodder the Skirmisher (level 3, -2/34 HPs)
             Began as a Minotaur Abyssal Knight on Apr 28, 2022.
             Was a Believer of Lugonu.
             Slain by a gnoll
             ... wielding a +0 whip
              (9 damage)
             ... on level 2 of the Dungeon.
             The game lasted 00:02:42 (1542 turns).

dracfodder the Skirmisher (Minotaur Abyssal Knight) Turns: 1542, Time: 00:02:43

Health: -2/34      AC:  3    Str: 19    XL:     3   Next: 87%
Magic:  3/3        EV: 11    Int:  5    God:    Lugonu [**....]
Gold:   72         SH:  0    Dex: 10    Spells: 2/2 levels left

rFire   . . .      SeeInvis +   a - +1 hand axe
rCold   . . .      Faith    .   (no shield)
rNeg    . . .      Spirit   .   b - +0 leather armour
rPois   .          Reflect  .   (helmet restricted)
rElec   .          Harm     .   (no cloak)
rCorr   .          Rampage  .   (no gloves)
Will    .....                   (no boots)
Stlth   +.........              (no amulet)
HPRegen 0.11/turn               k - ring of see invisible
MPRegen 0.08/turn               (no ring)

@: mighty
A: horns 2, retaliatory headbutt, dopey 1, MP-powered wands
a: Renounce Religion, Depart the Abyss, Bend Space


You were on level 2 of the Dungeon.
You worshipped Lugonu.
Lugonu was pleased with you.
You visited 1 branch of the dungeon, and saw 2 of its levels.
You visited the Abyss 1 time.

You collected 72 gold pieces.

Inventory:

Hand Weapons
 a - a +1 hand axe (weapon)
Missiles
 c - 2 javelins
Armour
 b - a +0 leather armour (worn)
Jewellery
 k - a ring of see invisible (left hand)
Scrolls
 d - a scroll of fog {unknown}
 i - a scroll of teleportation {unknown}
 j - a scroll of fear {unknown}
Potions
 f - a potion of curing
 h - 2 potions of brilliance {unknown}


   Skills:
 + Level 4.6 Fighting
 * Level 3.8 Axes
 + Level 2.4 Armour
 + Level 1.1 Dodging
 + Level 0.2 Stealth
 * Level 0.5 Unarmed Combat
 + Level 1.9 Invocations


You had 2 spell levels left.
You didn't know any spells.
Your spell library was empty.

Dungeon Overview and Level Annotations

Branches:
Dungeon (2/15)

Altars:


Innate Abilities, Weirdness & Mutations

You have a pair of horns on your head.
You reflexively headbutt those who attack you in melee.
You are dopey. (Int -2)
You expend magic power (3 MP) to strengthen your wands.


Message History

You kill the gnoll!
Lugonu accepts your kill.
A hobgoblin comes into view.
The hobgoblin shouts!
Things that are here:
a +0 spear; a gnoll corpse The hobgoblin closely misses you.
You barely miss the hobgoblin. You headbutt the hobgoblin.
The hobgoblin is moderately wounded.
The hobgoblin hits you.
You slash the hobgoblin!
You kill the hobgoblin!
Lugonu accepts your kill.
A gnoll comes into view. It is wielding a +0 whip.
A gnoll comes into view. It is wielding a +0 whip.
You see here a hobgoblin corpse.
It was a potion of mutation.
You feel extremely strange.
You feel your magical essence link to the dungeon's wands.
You feel stupid.
You hit the gnoll but do no damage. The gnoll hits you with a +0 whip!
* * * LOW HITPOINT WARNING * * *
The gnoll closely misses you.
It was a potion of curing.
You feel better. The gnoll hits you with a +0 whip.
You barely miss the gnoll. The gnoll hits you with a +0 whip.
You hit the gnoll but do no damage. The gnoll barely misses you.
You hit the gnoll but do no damage. You headbutt the gnoll.
The gnoll is lightly wounded.
The gnoll barely misses you. You furiously retaliate!
You headbutt the gnoll, but do no damage.
You hit the gnoll but do no damage. Your headbutt misses the gnoll.
The gnoll is lightly wounded.
The gnoll hits you with a +0 whip.
* * * LOW HITPOINT WARNING * * *
You hit the gnoll but do no damage.
The gnoll is lightly wounded.
The gnoll misses you.
It was a potion of might.
You feel very mighty all of a sudden. The gnoll hits you with a +0 whip!
You die...

..# .. ..# #.....#
..### #.....# ....##
###...?.#
..#..########.......
..##........#.#.....
..#########........
### ###.....#.##
#....†..#@#
#...).).#g#
#......)#g# #
............# .
.##....###..####.#
## . ...#..#
#†......# ..
###....# #......##
.. #.#.# #....#.# ..
.... ....#..#


You could see 2 gnolls.

Vanquished Creatures
  3 gnolls
  An adder (D:2)
  4 ball pythons (D:1)
  2 endoplasms
  A giant cockroach (D:1)
  2 goblins
  2 hobgoblins (D:2)
  2 jackals (D:2)
  2 kobolds (D:1)
  A quokka (D:2)
  4 bats (D:1)
24 creatures vanquished.

Notes
Turn   | Place    | Note
-------+----------+-------------------------------------------
     0 | Abyss:1  | dracfodder the Minotaur Abyssal Knight began the quest for
                  | the Orb.
     0 | Abyss:1  | Reached XP level 1. HP: 19/19 MP: 1/1
    39 | Abyss:1  | Noticed a worldbinder
    40 | D:1      | Escaped the Abyss
   160 | D:1      | Found a faded altar of an unknown god.
   312 | D:1      | Reached skill level 4 in Fighting
   340 | D:1      | Reached XP level 2. HP: 6/28 MP: 2/2
   816 | D:1      | Reached XP level 3. HP: 9/34 MP: 3/3
  1534 | D:2      | Gained mutation: You expend magic power (3 MP) to
                  | strengthen your wands. [potion of mutation]
  1534 | D:2      | Gained mutation: You are dopey. (Int -2) [potion of
                  | mutation]
  1542 | D:2      | Slain by a gnoll

Illustrated notes

Levels and vault maps discovered:
D:1:      minmay_arrival_radiant_lines, layout_basic,
          chequers_ecumenical_altar_simple, st_stairs_14,
          hangedman_decor_clover_reticule
D:2:      layout_rooms

Skill      XL: |  1  2 |
---------------+-------+-----
Fighting       | 4 |  4.6
Axes           | 3 |  3.8
Armour         | |  2.4
Dodging        | |  1.1
Stealth        | |  0.2
Unarmed Combat | |  0.5
Invocations    | |  1.9

Action                   || total
-------------------------++-------
Melee: Hand axe          ||    77
       Headbutt          ||    11
Invok: Depart the Abyss  ||     1
  Use: Potion            ||     3
Armor: Leather armour    ||    22
Dodge: Dodged            ||    50

Table legend: (Time is in decaauts)
 A = Elapsed time spent in this place.
 B = Non-inter-level travel time spent in this place.
 C = Inter-level travel time spent in this place.
 D = Time resting spent in this place.
 E = Time spent auto-exploring this place.
 F = Levels seen in this place.
 G = Mean time per level.
                   A        B        C        D        E       F      G
               +--------+--------+--------+--------+--------+-----+--------+
         Total |   1552 |   1529 |     23 |    575 |    776 |   3 |  517.3 |
       Dungeon |   1512 |   1489 |     23 |    575 |    737 |   2 |  756.0 |
         Abyss |     40 |     40 |      0 |      0 |     39 |   1 |   40.0 |
               +--------+--------+--------+--------+--------+-----+--------+

Top non-repeatable levels by time:
     D:1: 1171 daAuts
     D:2: 341 daAuts
 Abyss:1: 40 daAuts
